 Dungeon Crawl Stone Soup version bcrawl-1.28.4 (webtiles) character file.

Game seed: 2543575866564626080

337675 Morbidden the Thaumaturge (level 11, -14/70 HPs)
             Began as a Fairy Wizard on Jan 4, 2021.
             Was an Elder of Cheibriados.
             Demolished by Harold
             ... wielding a +1 trident of flaming
              (20 damage)
             ... on level 10 of the Dungeon.
             The game lasted 00:17:33 (8902 turns).

Morbidden the Thaumaturge (Fairy Wizard)            Turns: 8902, Time: 00:17:34

Health: -14/70     AC: 10    Str: 15    XL:     11   Next: 7%
Magic:  48/49      EV: 20    Int: 42    God:    Cheibriados [****..]
Gold:   194        SH:  6    Dex: 18    Spells: 20/33 levels left

rFire    . . .     SeeInvis .   l - staff of power
rCold    . . .     Gourm    .   (shield currently unavailable)
rNeg     . . .     Faith    .   (armour unavailable)
rPois    +         Spirit   .   b - +0 hat
rElec    +         Reflect  .   H - +0 cloak {rPois}
rCorr    .         Harm     .   r - +0 pair of gloves
MR       +....                  E - +1 pair of boots
Stlth    +.........             (no amulet)
HPRegen  0.21/turn              w - +6 ring of intelligence
MPRegen  0.31/turn              z - ring of the Sunfish {+Fly rElec MP+9 Dex-2}

@: about to teleport, studying Stealth, very slow
A: small, magic attunement, unstealthy, unfitting armour, able to fly, AC/SH +6
a: Fly, Bend Time, Temporal Distortion, Slouch, Renounce Religion, Evoke Flight


You were on level 10 of the Dungeon.
You worshipped Cheibriados.
Cheibriados was greatly pleased with you.
You were hungry.

You visited 2 branches of the dungeon, and saw 11 of its levels.

You collected 526 gold pieces.
You spent 332 gold pieces at shops.

Inventory:

Hand Weapons
 x - the +6 Scorpio {venom, beckon}
   (You found it on level 7 of the Dungeon)

   It poisons the ammo it fires.
Missiles
 D - 136 poisoned tomahawks (quivered)
Armour
 b - a +0 hat (worn)
 r - a +0 pair of gloves (worn)
 E - a +1 pair of boots (worn)
 H - a +0 cloak of poison resistance (worn)
Magical Staves
 l - an uncursed staff of power (weapon)
Jewellery
 w - a +6 ring of intelligence (left hand)
 z - the ring of the Sunfish (right hand) {+Fly rElec MP+9 Dex-2}
   (You found it on level 5 of the Dungeon)

   [ring of flight]

   It affects your dexterity (-2).
   It insulates you from electricity.
   It affects your magic capacity (+9).
   It lets you fly.
 B - a +8 ring of dexterity
Wands
 A - a wand of clouds (6)
 I - a wand of flame (14)
 K - a wand of random effects (11)
Scrolls
 c - 3 scrolls of teleportation
 g - 3 scrolls of immolation {unknown}
 i - 3 scrolls of enchant weapon {unknown}
 k - 7 scrolls of remove curse {unknown}
 m - 4 scrolls of enchant armour {unknown}
 n - 3 scrolls of fog {unknown}
 o - 5 scrolls of identify
 q - a scroll of noise {unknown}
 s - 4 scrolls of magic mapping
 F - a scroll of amnesia {unknown}
Potions
 a - 4 potions of lignification
 d - 2 potions of brilliance
 f - 5 potions of haste {unknown}
 h - a potion of degeneration {unknown}
 j - a potion of berserk rage {unknown}
 p - a potion of magic {unknown}
 t - 2 potions of curing
 u - a potion of ambrosia {unknown}
 C - 2 potions of flight {unknown}
 G - a potion of mutation {unknown}
 J - a potion of agility {unknown}
Books
 y - a manual of Stealth
Comestibles
 e - 20 rations {!d}


   Skills:
 * Level 4.4 Fighting
 + Level 0.6 Staves
 * Level 7.6 Dodging
 + Level 1.8 Stealth
 + Level 0.9 Unarmed Combat
 * Level 11.7 Spellcasting
 * Level 6.9 Conjurations
 + Level 5.2 Summonings
   Level 1.1 Translocations
 - Level 2.0 Transmutations
 * Level 8.2 Air Magic
 - Level 2.0 Poison Magic
 * Level 3.6 Invocations


You had 20 spell levels left.
You knew the following spells:

 Your Spells              Type           Power        Failure   Level  Hunger
a - Airstrike             Air            #######...   1%          4    None
b - Call Imp              Summ           ######       1%          2    None
c - Spider Form           Tmut/Pois      ###          1%          3    None
d - Magic Dart            Conj           ####         1%          1    None
z - Static Discharge      Air            #######.     1%          3    None

Your spell library contained the following spells:

 Spells                   Type           Power        Failure   Level  Hunger
 Corona                   Hex            ###....      1%          1    None
 Shock                    Conj/Air       #####        1%          1    None
 Blink                    Tloc           N/A          1%          2    None
 Shackle                  Hex            ###.....     1%          2    None
 Swiftness                Chrm/Air       ######..     1%          2    None
 Conjure Flame            Conj/Fire      ######..     1%          3    None
 False Image              Hex/Summ       #####...     1%          3    None
 Mephitic Cloud           Conj/Pois/Air  ######..     1%          3    None
 Lightning Bolt           Conj/Air       ######....   1%          5    None
 Inner Flame              Hex/Fire       N/A          3%          3    None
 Yara's Violent Unravell  Hex/Tmut       ####......   9%          4    None
 Cause Fear               Hex            ###.......   13%         4    None


Dungeon Overview and Level Annotations

Branches:
Dungeon (10/12)            Temple (1/1) D:4            Lair (0/6) D:9
    Orc: D:8-11

Altars:
Ashenzari
Cheibriados
Dithmenos
Elyvilon
Fedhas
Gozag
Hepliaklqana
Kikubaaqudgha
Lugonu
Makhleb
Nemelex Xobeh
Okawaru
Qazlal
Ru
Sif Muna
Trog
Uskayaw
Vehumet
Wu Jian
Xom
Yredelemnul
Zin
The Shining One
Beogh

Shops:
D:4 !   D:5 }   D:6 !   D:7 ?

Annotations:
D:10 Erica, Harold


Innate Abilities, Weirdness & Mutations

Your spells do not cause hunger and MP costs are reduced by 1.
Your bright wings attract enemies. (Stealth-)
You cannot fit into any form of body armour.
Your shimmering scales are hard and can block incoming attacks. (AC +6, SH +6)
You are small and have problems with some larger weapons.
You can fly continuously.


Message History

Unknown command.
Unknown command.
Unknown command.
You feel better. The orc completely misses you.
The porcupine completely misses you.
Harold points at you and mumbles some strange words.
The bolt of fire hits you!!
* * * LOW HITPOINT WARNING * * *
Unknown command.
Unknown command.
Unknown command.
Unknown command.
Unknown command.
You feel better.
The slime creature hits you but does no damage.
You block the porcupine's attack. The orc completely misses you.
The orc warrior barely misses you.
Two slime creatures merge to form a large slime creature.
Harold hits you from afar with a +1 trident of flaming!!
You die...

.....[......# ...
...........# # ..
...........#
........).#...#...........
............##........
............#<.......
............uoh..>..
#..........orJ@.....
#..........@@.5.....
#...................
#..<..#.....##......
#........<... ..####
.......†#.#..... #.#
##.............. ..
#......##(#..>.# ..
....... #.... ### ...####
...


You could see Harold, a purple ugly thing, Erica, a large slime creature, an orc
warrior, a porcupine, a hound, a quasit and an orc.

Vanquished Creatures
  A two-headed ogre (D:8)
  Pikel (D:6)
  Maurice (D:9)
  3 trolls
  A slime creature (D:9)
  2 hippogriffs (D:5)
  A wraith (D:7)
  3 yaks (D:9)
  3 hungry ghosts
  A crocodile (D:9)
  3 porcupines (D:9)
  2 ice beasts
  3 sky beasts
  2 black bears (D:9)
  2 phantoms
  An orc warrior (D:8)
  A centaur (D:5)
  2 ogres
  A bullfrog (D:9)
  4 scorpions
  6 killer bees
  4 crimson imps
  A quasit (D:9)
  A bullfrog zombie (D:5)
  A jelly (D:7)
  6 hounds
  3 orc priests
  7 orc wizards
  3 iguanas
  6 worker ants
  2 hound zombies (D:7)
  A hound skeleton (D:6)
  A worker ant zombie (D:6)
  3 gnolls (D:7)
  4 adders
  A shadow imp (D:8)
  2 oozes (D:1)
  An adder zombie (D:5)
  5 worms
  3 dart slugs
  2 leopard geckos
  35 orcs
  8 hobgoblins
  3 jackals
  5 kobolds
  A quokka (D:3)
  5 bats
  4 frilled lizards
  2 goblins
  A jackal skeleton (D:4)
  A quokka skeleton (D:4)
  5 rats
171 creatures vanquished.

Vanquished Creatures (collateral kills)
  Eustachio (D:4)
  A hungry ghost (D:5)
  An orc warrior (D:6)
  A slave (D:6)
  A black bear (D:7)
  A centaur (D:3)
  2 ogres
  2 crimson imps (D:5)
  A hound (D:6)
  3 bullfrog skeletons
  2 iguanas (D:4)
  2 worker ants
  An adder (D:7)
  A leopard gecko (D:3)
  7 orcs
27 creatures vanquished.

Vanquished Creatures (others)
  A necrophage (D:6)
  A slave (D:6)
  A scorpion (D:6)
  A jelly (D:6)
  An orc (D:6)
  A quokka (D:6)
  5 fungi (D:9)
11 creatures vanquished.

Grand Total: 209 creatures vanquished

Notes
Turn   | Place    | Note
-------+----------+-------------------------------------------
     0 | D:1      | Morbidden the Fairy Wizard began the quest for the Orb.
     0 | D:1      | Reached XP level 1. HP: 11/11 MP: 7/7
    55 | D:1      | Reached XP level 2. HP: 17/17 MP: 9/9
   558 | D:1      | Reached XP level 3. HP: 22/22 MP: 11/11
   561 | D:1      | Learned a level 2 spell: Call Imp
   565 | D:1      | Learned a level 3 spell: Spider Form
   954 | D:2      | Reached skill level 5 in Spellcasting
  1666 | D:3      | Noticed a scorpion
  1714 | D:3      | Reached XP level 4. HP: 27/27 MP: 13/13
  1747 | D:3      | Noticed a centaur
  1762 | D:3      | Killed a centaur
  1763 | D:3      | Reached skill level 1 in Fighting
  1763 | D:3      | Reached skill level 1 in Poison Magic
  1763 | D:3      | Reached XP level 5. HP: 15/33 MP: 15/15
  2057 | D:3      | Reached skill level 6 in Spellcasting
  2057 | D:3      | Reached skill level 1 in Transmutations
  2057 | D:3      | Reached XP level 6. HP: 14/38 MP: 17/17
  2235 | D:3      | Noticed an ice beast
  2531 | D:3      | Killed an ice beast
  2888 | D:4      | Noticed Eustachio
  2946 | D:4      | Killed Eustachio
  2947 | D:4      | Reached XP level 7. HP: 44/44 MP: 19/19
  2960 | D:4      | Found Mokkinake's Distillery.
  2979 | D:4      | Bought a potion of heal wounds for 50 gold pieces
  3035 | D:4      | Found the cursed +14 obsidian axe {chop, +Fly SInv *Curse}
  3049 | D:4      | Reached skill level 7 in Spellcasting
  3111 | D:4      | Found a staircase to the Ecumenical Temple.
  3150 | Temple   | Entered the Ecumenical Temple
  3354 | Temple   | Became a worshipper of Cheibriados the Contemplative
  3488 | D:4      | Found a stormy altar of Qazlal.
  3927 | D:5      | Entered Level 5 of the Dungeon
  4103 | D:5      | Reached skill level 5 in Dodging
  4103 | D:5      | Reached XP level 8. HP: 43/50 MP: 21/21
  4147 | D:5      | Noticed a hippogriff
  4170 | D:5      | Killed a hippogriff
  4379 | D:5      | Found Duetiwn's Gadget Boutique.
  4621 | D:5      | Noticed a hippogriff
  4625 | D:5      | Reached skill level 8 in Spellcasting
  4639 | D:5      | Killed a hippogriff
  4640 | D:5      | Reached skill level 1 in Invocations
  4783 | D:5      | Noticed a troll
  4820 | D:5      | Killed a troll
  4821 | D:5      | Reached skill level 5 in Conjurations
  4913 | D:5      | Got a fine pewter ring
  4914 | D:5      | Identified the ring of the Sunfish {+Fly rElec MP+9 Dex-2}
                  | (You found it on level 5 of the Dungeon)
  4922 | D:5      | Learned a level 4 spell: Airstrike
  5298 | D:6      | Found a stormy altar of Qazlal.
  5425 | D:6      | Found Aneemueh's Distillery.
  5436 | D:6      | Reached * piety under Cheibriados
  5437 | D:6      | Bought a potion of curing for 30 gold pieces
  5440 | D:6      | Noticed Pikel
  5465 | D:6      | Killed Pikel
  5466 | D:6      | Reached skill level 9 in Spellcasting
  5466 | D:6      | Reached skill level 1 in Air Magic
  5466 | D:6      | Reached XP level 9. HP: 30/56 MP: 24/24
  5779 | D:6      | Got a coiled bronze ring
  6099 | D:6      | Identified the cursed ring of Cijas {Fire Int+2} (You found
                  | it on level 6 of the Dungeon)
  6305 | D:7      | Reached skill level 5 in Summonings
  6745 | D:7      | Found a white marble altar of Elyvilon.
  6808 | D:7      | Reached ** piety under Cheibriados
  6814 | D:7      | Reached skill level 10 in Spellcasting
  6859 | D:7      | Found Cyagigg's Magic Scroll Emporium.
  6861 | D:7      | Noticed a troll
  6869 | D:7      | Killed a troll
  6893 | D:7      | Bought a scroll of magic mapping for 45 gold pieces
  6893 | D:7      | Bought a scroll of magic mapping for 45 gold pieces
  6893 | D:7      | Bought a scroll of magic mapping for 45 gold pieces
  6899 | D:7      | Bought a scroll of teleportation for 39 gold pieces
  6899 | D:7      | Bought a scroll of teleportation for 39 gold pieces
  6899 | D:7      | Bought a scroll of teleportation for 39 gold pieces
  7009 | D:7      | Found the +6 Scorpio {venom, beckon}
  7294 | D:8      | Reached XP level 10. HP: 63/63 MP: 26/26
  7382 | D:8      | Learned a level 3 spell: Static Discharge
  7474 | D:8      | Noticed a two-headed ogre
  7480 | D:8      | Killed a two-headed ogre
  7481 | D:8      | Reached skill level 5 in Air Magic
  7771 | D:8      | Reached skill level 11 in Spellcasting
  7787 | D:8      | Reached *** piety under Cheibriados
  7918 | D:8      | Found a roughly hewn altar of Beogh.
  8180 | D:9      | Noticed Maurice
  8184 | D:9      | Found a staircase to the Lair.
  8186 | D:9      | Killed Maurice
  8282 | D:9      | Reached **** piety under Cheibriados
  8504 | D:9      | Found a glowing golden altar of the Shining One.
  8715 | D:10     | Entered Level 10 of the Dungeon
  8715 | D:10     | Noticed Harold
  8716 | D:10     | Noticed Erica
  8778 | D:10     | Reached XP level 11. HP: 68/70 MP: 28/28
  8894 | D:10     | Noticed a purple ugly thing
  8901 | D:10     | HP: 1/70 [Harold/bolt of fire (21)]
  8902 | D:10     | Demolished by Harold

Skill      XL: |  1  2  3  4  5  6  7  8  9 10 11 |
---------------+----------------------------------+-----
Dodging        | 3 5 6 7 |  7.6
Spellcasting   | 5 6 7 9 10 11 | 11.7
Conjurations   | 2 3 4 5 6 |  6.9
Fighting       | 1 2 3 4 |  4.4
Poison Magic   | 1 2 |  2.0
Transmutations | 1 2 |  2.0
Summonings     | 2 3 4 5 |  5.2
Invocations    | 2 3 |  3.6
Air Magic      | 1 4 7 8 |  8.2
Staves         | |  0.6
Stealth        | |  1.8
Unarmed Combat | |  0.9
Translocations | |  1.1

Action                   |  1- 3 |  4- 6 |  7- 9 | 10-12 || total
-------------------------+-------+-------+-------+-------++-------
Melee: Staff             |       |     4 |    30 |     4 ||    38
       Unarmed           |       |       |    40 |       ||    40
 Cast: Magic Dart        |    95 |    79 |   110 |       ||   284
       Call Imp          |       |    18 |    74 |     5 ||    97
       Spider Form       |       |       |     4 |       ||     4
       Airstrike         |       |       |    56 |   134 ||   190
 Abil: Stop Flying       |       |     1 |       |       ||     1
       End Transformatio |       |       |     4 |       ||     4
  Use: Potion            |       |     1 |     1 |     2 ||     4
       Scroll            |       |       |     4 |     3 ||     7
 Stab: Distracted        |       |       |     2 |       ||     2
  Eat: Chunk             |     2 |     4 |    15 |     4 ||    25
Armor: Skin              |       |    26 |    21 |     3 ||    50
Dodge: Dodged            |    15 |    82 |   154 |    35 ||   286
Block: Other             |     1 |    21 |    46 |    21 ||    89
